 Dungeon Crawl Stone Soup version 0.20.0-10-g0535bb4 (webtiles) character file.

366 kraftydee the Cudgeler (level 6, -1/56 HPs)
             Began as a Draconian Chaos Knight on June 4, 2017.
             Slain by Pikel
             ... wielding a +1 whip of flaming
              (9 damage)
             ... on level 5 of the Dungeon.
             The game lasted 00:11:51 (4441 turns).

kraftydee the Cudgeler (Draconian Chaos Knight)     Turns: 4441, Time: 00:11:53

Health: -1/56      AC:  6    Str: 14 (16) XL:     6   Next: 40%
Magic:  6/6        EV: 12    Int: 12 (13) God:    Xom [..*...]
Gold:   223        SH:  0    Dex:  7 (10) Spells: 4/5 levels left

rFire    . . .     SeeInvis +   a - +2 mace (chaos)
rCold    . . .     Gourm    .   (no shield)
rNeg     . . .     Faith    .   (armour unavailable)
rPois    .         Spirit   .   (helmet restricted)
rElec    .         Reflect  .   (no cloak)
rCorr    .         Harm     .   (no gloves)
MR       .....     Clarity  +   (no boots)
Stlth    +.........             (no amulet)
Regen    0.2/turn               d - ring of see invisible
MPRegen  0.1/turn               (no ring)

@: no status effects
A: unfitting armour, antennae 1, stinger 1, clarity, cold-blooded, AC +6
a: Renounce Religion


You were on level 5 of the Dungeon.
You worshipped Xom.
You were a toy of Xom.
You were hungry.

You visited 1 branch of the dungeon, and saw 5 of its levels.
You also visited: Ossuary.

You collected 223 gold pieces.

Inventory:

Hand Weapons
 a - a +2 mace of chaos (weapon)
Jewellery
 d - a ring of see invisible (left hand)
Scrolls
 g - 3 scrolls of identify
 j - a scroll of amnesia
 k - a scroll of teleportation
 l - a scroll of remove curse
Potions
 c - 2 potions of lignification
Books
 e - a book of Misfortune

   Spells                             Type                      Level
   a - Confusing Touch                Hexes                        1
   b - Confuse                        Hexes                        3
   c - Gell's Gravitas                Translocation                3
   d - Petrify                        Transmutation/Earth          4
   e - Metabolic Englaciation         Hexes/Ice                    5
   f - Yara's Violent Unravelling     Hexes/Transmutation          5
Comestibles
 b - 3 bread rations


   Skills:
 + Level 5.1 Fighting
 + Level 5.2 Maces & Flails
 + Level 3.2 Dodging
 + Level 1.8 Stealth


You had 4 spell levels left.
You knew the following spells:

 Your Spells              Type           Power        Failure   Level  Hunger
a - Confusing Touch       Hex            #.....       32%         1    ##.....


Dungeon Overview and Level Annotations

Branches:
Dungeon (5/15)             Temple (0/1) D:4

Altars:
Fedhas
Gozag

Annotations:
D:2 exclusion: oklob plant
D:5 Pikel


Innate Abilities, Weirdness & Mutations

Your plain brown scales are hard. (AC +6)
You cannot fit into any form of body armour.
You are cold-blooded and may be slowed by cold attacks.
You have a pair of small antennae on your head.
Your tail ends in a poisonous barb.
You possess an exceptional clarity of mind.


Message History

The slave closely misses you. x2; Pikel misses you.
The slave hits you!
You hit Pikel. You freeze Pikel.
Pikel is moderately wounded.
The slave hits you.
* * * LOW HITPOINT WARNING * * *
The slave closely misses you. Pikel misses you.
The slave hits you but does no damage.
You hit Pikel.
Pikel is heavily wounded.
The slave hits you.
* * * LOW HITPOINT WARNING * * *
The slave closely misses you. Pikel barely misses you.
The slave hits you but does no damage.
You hit Pikel.
Pikel is heavily wounded.
The slave hits you!
* * * LOW HITPOINT WARNING * * *
The slave hits you but does no damage. Pikel hits you with a whip of flaming!
You die...
Xom titters!

#### #... #
... #. #.#
#.##p#
#..Kp# #p@#
#5p#######
#.........
###.########
..#.# #.#.#
#.#<# #.#.#
## #.#.#


You could see Pikel (invisible), 4 slaves and a friendly white imp.

Vanquished Creatures
  A scorpion (D:3)
  A hound (D:3)
  An orc wizard (D:4)
  Natasha (thrice) (D:2)
  3 mummies (Ossuary)
  6 adders
  An ooze (D:1)
  5 worms
  2 dart slugs
  2 leopard geckos (D:1)
  4 orcs (D:4)
  A giant cockroach (D:3)
  8 goblins
  11 hobgoblins
  8 jackals
  2 kobolds
  2 quokkas (D:3)
  A ball python (D:1)
  2 bats
  6 frilled lizards
  5 orc zombies (Ossuary)
  3 rats
78 creatures vanquished.

Vanquished Creatures (collateral kills)
  A giant cockroach (D:2)
  A jackal (D:3)
2 creatures vanquished.

Grand Total: 80 creatures vanquished

Notes
Turn   | Place    | Note
-------+----------+-------------------------------------------
     0 | D:1      | kraftydee the Draconian Chaos Knight began the quest for the Orb.
     0 | D:1      | Reached XP level 1. HP: 19/19 MP: 1/1
   188 | D:1      | Reached XP level 2. HP: 18/26 MP: 2/2
   377 | D:1      | XOM: smoke on damage
   514 | D:1      | XOM: harmless Chrm miscast
  1105 | D:2      | XOM: enchant monster (bad)
  1108 | D:2      | Reached XP level 3. HP: 26/33 MP: 3/3
  1190 | D:2      | Noticed Natasha
  1199 | D:2      | Killed Natasha
  1431 | D:2      | Reached XP level 4. HP: 40/40 MP: 4/4
  1451 | D:2      | Found a blossoming altar of Fedhas.
  1464 | D:2      | Noticed an oklob plant
  1646 | D:2      | Noticed Natasha
  1653 | D:2      | Killed Natasha
  1674 | D:2      | Noticed Natasha
  1676 | D:2      | XOM: summons 2 friendly demons
  1679 | D:2      | Killed Natasha
  1957 | D:2      | Reached skill level 1 in Stealth
  2152 | D:2      | XOM: harmless Necr miscast
  2360 | D:3      | Reached XP level 5. HP: 41/47 MP: 5/5
  2437 | D:3      | XOM: potion effect (berserk rage)
  2563 | D:3      | XOM: 5-stop teleportation journey
  2621 | D:3      | XOM: 2-stop teleportation journey
  2856 | D:3      | Gained mutation: Your mind is acute. (Int +2) [potion of mutation]
  2856 | D:3      | Gained mutation: Scrolls take you a little longer to read. [potion of mutation]
  2856 | D:3      | Gained mutation: You are covered in fur. (AC +1) [potion of mutation]
  2959 | D:3      | XOM: cloud trail
  3122 | D:3      | Found an opulent altar of Gozag.
  3211 | D:3      | XOM: summons friendly white imp
  3272 | D:3      | XOM: mild Tmut miscast
  3282 | D:3      | XOM: noise
  3422 | D:4      | Reached XP level 6. HP: 54/55 MP: 6/6
  3519 | D:4      | XOM: noise
  3528 | D:4      | Reached skill level 5 in Maces & Flails
  3534 | D:4      | XOM: cloud trail
  3589 | D:4      | Found a sand-covered staircase.
  3597 | Ossuary  | Entered an ossuary
  3637 | Ossuary  | Reached skill level 5 in Fighting
  3710 | D:4      | XOM: cloud trail
  4222 | D:4      | Found a staircase to the Ecumenical Temple.
  4394 | D:4      | Lost mutation: Scrolls take you a little longer to read. [potion of mutation]
  4394 | D:4      | Lost mutation: Your mind is acute. (Int +2) [potion of mutation]
  4394 | D:4      | Lost mutation: You are covered in fur. (AC +1) [potion of mutation]
  4394 | D:4      | Gained mutation: Your tail ends in a poisonous barb. [potion of mutation]
  4394 | D:4      | Gained mutation: You possess an exceptional clarity of mind. [potion of mutation]
  4394 | D:4      | Gained mutation: You have a pair of small antennae on your head. [potion of mutation]
  4397 | D:5      | Entered Level 5 of the Dungeon
  4421 | D:5      | Learned a level 1 spell: Confusing Touch
  4426 | D:5      | Noticed a slave
  4426 | D:5      | Noticed a slave
  4428 | D:5      | Noticed Pikel
  4430 | D:5      | XOM: confuse monster(s)
  4431 | D:5      | Noticed a slave
  4433 | D:5      | XOM: summons friendly white imp
  4434 | D:5      | Noticed a slave
  4441 | D:5      | Slain by Pikel

Skill      XL: |  1  2  3  4  5  6 |
---------------+-------------------+-----
Fighting       | 4 5 |  5.1
Maces & Flails | 4 5 |  5.2
Stealth        | 1 |  1.8
Dodging        | 3 |  3.2

Action                   |  1- 3 |  4- 6 || total
-------------------------+-------+-------++-------
Melee: Mace              |    71 |   195 ||   266
       Tailslap          |    11 |    15 ||    26
  Use: Scroll            |     5 |     5 ||    10
       Potion            |     4 |     6 ||    10
 Stab: Paralysed         |     1 |     3 ||     4
       Distracted        |       |     1 ||     1
       Sleeping          |       |     1 ||     1
  Eat: Chunk             |     2 |     7 ||     9
       Fruit             |       |     2 ||     2
Armor: Skin              |    13 |    93 ||   106
Dodge: Dodged            |    38 |   162 ||   200
